 Dungeon Crawl Stone Soup version 0.17.1-2-g5865329 (webtiles) character file.

1301 CcS the Martial Artist (level 8, -3/59 HPs)
             Began as a Black Draconian Transmuter on Jan 31, 2016.
             Slain by an orc warrior
             ... wielding a +0 hand axe
              (7 damage)
             ... on level 6 of the Dungeon.
             The game lasted 00:12:50 (7825 turns).

CcS the Martial Artist (Black Draconian Transmuter) Turns: 7825, Time: 00:12:50

Health: -3/59      AC:  6    Str: 16    XL:     8   Next: 31%
Magic:  5/11       EV: 12    Int: 13    God:
Gold:   280        SH:  0    Dex: 14    Spells: 2 memorised, 8 levels left

rFire  . . .     SeeInvis .       - Unarmed
rCold  . . .     Clarity  .     (armour unavailable)
rNeg   . . .     SustAt   .     (no shield)
rPois  .         Gourm    .     (helmet restricted)
rElec  +         Spirit   .     (no cloak)
rCorr  .         Warding  .     (no gloves)
rMut   +         Stasis   .     (no boots)
MR     .....                    l - amulet of resist mutation {rMut, !d}
Stlth  +.........               (no ring)
                                u - +3 ring of strength

@: not resistant to hostile enchantments, very unstealthy
A: breathe lightning, unfitting armour, electricity resistance, cold-blooded, AC
+6
a: Breathe Lightning


You were on level 6 of the Dungeon.
You were very hungry.

You visited 2 branches of the dungeon, and saw 8 of its levels.

You collected 280 gold pieces.

Inventory:

Missiles
 a - 37 arrows
Armour
 f - a +0 pair of gloves
   (You found it on level 6 of the Dungeon)
 y - a +0 pair of boots
   (You found it on level 4 of the Dungeon)
Jewellery
 l - an amulet of resist mutation (around neck) {rMut, !d}
   (You found it on level 1 of the Dungeon)
 u - a +3 ring of strength (left hand)
   (You found it on level 3 of the Dungeon)
Wands
 w - a wand of fireball (6)
   (You found it on level 4 of the Dungeon)
 z - a wand of invisibility (2)
   (You found it on level 5 of the Dungeon)
 B - a wand of frost (20)
   (You took it off a kobold on level 5 of the Dungeon)
 C - a wand of random effects (28)
   (You found it on level 5 of the Dungeon)
Scrolls
 i - 2 scrolls of identify {unknown}
 j - a scroll of fog {unknown}
 k - a scroll of amnesia {unknown}
 m - a scroll of noise {unknown}
 n - 2 scrolls of immolation {unknown}
 p - a scroll of remove curse {unknown}
 q - a scroll of teleportation {unknown}
 t - a scroll of recharging {unknown}
 x - a scroll of enchant armour {unknown}
 D - a scroll of random uselessness {unknown}
 H - a scroll of fear {unknown}
Potions
 d - a potion of mutation {unknown}
 e - a potion of flight {unknown}
 g - a potion of cancellation {unknown}
 o - a potion of agility {unknown}
 r - a potion of haste {unknown}
 s - 3 potions of curing {unknown}
 E - a potion of cure mutation {unknown}
 F - a potion of brilliance {unknown}
 G - a potion of ambrosia {unknown}
Books
 b - a book of Changes
 A - a book of Minor Magic
   (You found it on level 5 of the Dungeon)
Comestibles
 c - 4 bread rations {@e1}
 h - 3 meat rations {@e2}
 v - 4 fruits


   Skills:
 - Level 1.1 Fighting
 - Level 1.7 Dodging
 * Level 9.6 Unarmed Combat
 - Level 2.0 Spellcasting
 + Level 4.6 Transmutations


You had 8 spell levels left.
You knew the following spells:

 Your Spells              Type           Power        Failure   Level  Hunger
a - Beastly Appendage     Trmt           ##....       4%          1    ##.....
b - Sticks to Snakes      Trmt           ##........   8%          2    ###....


Dungeon Overview and Level Annotations

Branches:
Dungeon (7/15)             Temple (1/1) D:4

Altars:
Ashenzari
Cheibriados
Dithmenos
Elyvilon
Fedhas
Kikubaaqudgha
Makhleb
Nemelex Xobeh
Okawaru
Sif Muna
Trog
Vehumet
Xom
Yredelemnul
Zin
The Shining One


Innate Abilities, Weirdness & Mutations

You can breathe wild blasts of lightning.
Your glossy black scales are hard (AC +6).
Your body does not fit into most forms of armour.
You are resistant to electric shocks.
You are cold-blooded and may be slowed by cold attacks.


Message History

Unknown command.
You hit the orc warrior.
The orc warrior hits you with a hand axe!!
You take 19 damage, and have 29/59 hp.
MASSIVE DAMAGE!!
You are too injured to fight recklessly!
You are too injured to fight recklessly!
The orc warrior hits your ball python with a hand axe!
Your ball python dies!
Your ball python bites the orc warrior but does no damage.
Your ball python grabs the orc warrior.
Your ball python constricts the orc warrior.
The orc warrior struggles to escape constriction.
Casting: Sticks to Snakes You create a snake!
Your ball python bites the orc warrior but does no damage.
Your ball python constricts the orc warrior.
The orc warrior struggles to escape constriction.
You now have 4/11 mp.
Unknown command.
Your ball python barely misses the orc warrior.
Your ball python constricts the orc warrior.
The orc warrior struggles to escape constriction.
Casting: Sticks to Snakes You create a snake!
Your ball python completely misses the orc warrior.
Your ball python constricts the orc warrior.
The orc warrior escapes!
Your ball python bites the orc warrior but does no damage.
Your ball python grabs the orc warrior.
Your ball python constricts the orc warrior.
You now have 2/11 mp.
You swap places.
The orc warrior struggles to escape constriction.
Your ball python releases its grip on the orc warrior.
Unknown command.
Casting: Sticks to Snakes You create a snake!
You are feeling hungry.
Your ball python barely misses the orc warrior.
Your ball python grabs the orc warrior.
Your ball python constricts the orc warrior.
The orc warrior hits your adder with a hand axe!
The orc warrior hits your ball python with a hand axe.
The orc warrior misses your ball python.
You now have 0/11 mp.
Unknown command.
Casting: Sticks to Snakes You don't have enough magic to cast that spell.
Unknown command.
You start resting.
Unknown command.
The orc warrior shouts!
There is a stone staircase leading up here.
You climb upwards.
There is a stone staircase leading down here.
Unknown command.
You start resting.
Health restored: 59; MP restored: 11 Unknown command.
You climb downwards.
The orc warrior closely misses you.
There is a stone staircase leading up here.
Unknown command.
Casting: Sticks to Snakes You create a snake!
You are feeling very hungry.
The orc warrior closely misses you.
The orc warrior hits your ball python with a hand axe.
Your ball python dies!
You now have 9/11 mp.
Unknown command.
Casting: Sticks to Snakes You create a snake!
The orc warrior hits you with a hand axe!!
You take 21 damage, and have 38/59 hp.
MASSIVE DAMAGE!!
You now have 7/11 mp.
Casting: Sticks to Snakes You create a snake!
You now have 5/11 mp.
Unknown command.
You hit the orc warrior.
The orc warrior hits you with a hand axe!
The orc warrior closely misses your adder.
The orc warrior hits your ball python with a hand axe!
Your ball python dies!
Your adder bites the orc warrior but does no damage.
You take 14 damage, and have 25/59 hp.
MASSIVE DAMAGE!!
You are too injured to fight recklessly!
Unknown command.
You hit the orc warrior.
The orc warrior hits you with a hand axe!!
* * * LOW HITPOINT WARNING * * *
The orc warrior hits your adder with a hand axe!
Your adder dies!
You take 21 damage, and have 4/59 hp.
MASSIVE DAMAGE!!
The orc warrior hits you with a hand axe!
You die...

####.####...>.....##.#
...........######.##.#
.###.####.## #.##.# .# #.# #.#
#.##.######### .# #.# #.#
#.#..........# .# #.# #.#
#...#.######.# .###<####.#
###.#.# #.# ..........#
#####.#.# #.#
.##...#.#.#####.@<#.#.# #.#
.##.#............o#.#.######.#
.#........####............##.##
...#.......# ##.#.#.#.#.......#
.#.##..o[.## ##.##.#.#.#.##..#
.##......## ####...........#
.###.##.## #.#.#.#..##.#
.###.##..## ####.#.#.##.##.#
oS...##..(# #......#.##.##.#


You could see an orc warrior.

Vanquished Creatures
  A hungry ghost (D:5)
  An ice beast (D:6)
  A phantom (D:4)
  A centaur (D:5)
  4 giant frogs
  A crimson imp (D:6)
  3 orc priests (D:4)
  A giant frog zombie (D:6)
  2 orc wizards (D:4)
  A worker ant (D:4)
  An iguana (D:4)
  2 hounds
  A hound skeleton (D:6)
  Robin (D:4)
  11 adders
  A river rat (D:6)
  3 shadow imps
  2 oozes (D:3)
  An adder zombie (D:5)
  5 worms
  An adder skeleton (D:4)
  3 giant geckos
  14 orcs
  4 giant cockroaches
  12 goblins
  8 hobgoblins
  14 jackals
  A ball python (D:4)
  10 bats
  5 kobolds
  2 quokkas
  11 rats
129 creatures vanquished.

Vanquished Creatures (collateral kills)
  An ogre (D:3)
  A scorpion (D:6)
  An orc priest (D:4)
  A worker ant (D:6)
  2 orcs (D:4)
  A giant newt (D:4)
7 creatures vanquished.

Grand Total: 136 creatures vanquished

Notes
Turn   | Place    | Note
--------------------------------------------------------------
     0 | D:1      | CcS the Draconian Transmuter began the quest for the Orb.
     0 | D:1      | Reached XP level 1. HP: 16/16 MP: 3/3
   163 | D:1      | Reached XP level 2. HP: 23/23 MP: 5/5
   295 | D:1      | Reached skill level 4 in Unarmed Combat
   543 | D:1      | You fall through a shaft!
   543 | D:2      | Found a bloodstained altar of Trog.
   585 | D:2      | Reached XP level 3. HP: 21/28 MP: 6/6
  1397 | D:2      | Reached skill level 5 in Unarmed Combat
  1397 | D:2      | Reached XP level 4. HP: 35/35 MP: 5/7
  1908 | D:3      | HP: 8/35 [hobgoblin/club (5)]
  2440 | D:3      | Found a glowing silver altar of Zin.
  2979 | D:4      | Noticed an ogre
  3201 | D:4      | Reached XP level 5. HP: 32/40 MP: 6/8
  3341 | D:4      | Noticed a phantom
  3374 | D:4      | Killed a phantom
  3374 | D:4      | Reached skill level 6 in Unarmed Combat
  3412 | D:4      | Noticed Robin
  3622 | D:4      | Killed Robin
  3633 | D:4      | HP: 6/40 [orc priest/divine providence (10)]
  3962 | D:3      | Learned a level 2 spell: Sticks to Snakes
  3986 | D:4      | Reached XP level 6. HP: 31/47 MP: 0/9
  4222 | D:4      | Reached skill level 7 in Unarmed Combat
  4408 | D:3      | HP: 4/47 [ogre/giant club (13)]
  4408 | D:3      | Killed an ogre
  4694 | D:3      | Noticed a giant frog
  4717 | D:3      | Killed a giant frog
  4897 | D:4      | Your scales start taking on a glossy black colour.
  4897 | D:4      | Gained mutation: You are resistant to electric shocks. [Black Draconian growth]
  4897 | D:4      | Reached XP level 7. HP: 52/52 MP: 5/10
  5056 | D:4      | Found a staircase to the Ecumenical Temple.
  5090 | D:4      | Reached skill level 8 in Unarmed Combat
  5090 | D:4      | Reached skill level 3 in Transmutations
  5134 | Temple   | Entered the Ecumenical Temple
  5281 | D:4      | Found a glowing golden altar of the Shining One.
  5295 | D:4      | Noticed an ogre
  5360 | D:4      | HP: 11/52 [ogre/giant spiked club (19)]
  5601 | D:5      | Entered Level 5 of the Dungeon
  5719 | D:5      | Found an iron altar of Okawaru.
  5732 | D:5      | Found a burning altar of Makhleb.
  5823 | D:5      | Found a radiant altar of Vehumet.
  6818 | D:6      | Reached skill level 9 in Unarmed Combat
  6834 | D:6      | Reached skill level 4 in Transmutations
  6834 | D:6      | Reached XP level 8. HP: 20/59 MP: 4/11
  7241 | D:6      | Found a shattered altar of Ashenzari.
  7548 | D:6      | Found a glowing golden altar of the Shining One.
  7548 | D:6      | Found a sparkling altar of Nemelex Xobeh.
  7824 | D:6      | HP: 4/59 [orc warrior/hand axe (21)]
  7825 | D:6      | Slain by an orc warrior

Action                   |  1- 3 |  4- 6 |  7- 9 || total
-------------------------+-------+-------+-------++-------
Melee: Unarmed           |   156 |   204 |   179 ||   539
 Cast: Beastly Appendage |     3 |    16 |       ||    19
       Sticks to Snakes  |       |    13 |    25 ||    38
 Stab: Sleeping          |     1 |       |     1 ||     2
       Distracted        |       |       |     1 ||     1
  Eat: Chunk             |     2 |     9 |    10 ||    21
       Beef jerky        |       |     2 |     1 ||     3
       Fruit             |       |       |     2 ||     2

Vault maps used:
D:1:      saegor_arrival_miasma
D:2:      bloody_trog, first_bread
D:3:      zin_scriptorium, st_stairs_10, corexii_shack
D:4:      minmay_temple_entry_glassed_door, tso_metal_star, uniq_robin
D:5:      bloody_makhleb, vehumet_altar_wand_db, okawaru_metal_pillars_3
D:6:      amethyst_overflow_temple_binary, evilmike_ruin_ashenzari,
          portal_sewer_entry_e
D:7:      minitemple, grunt_livestock, uniq_crazy_yiuf_cottage
Temple:   nicolae_temple_figure_zero

Table legend:
 A = Turns spent in this place as a percentage of turns spent in the entire game.
 B = Non-inter-level travel turns spent in this place as a percentage of non-inter-level travel turns spent in the entire game.
 C = Inter-level travel turns spent in this place as a percentage of turns spent in this place.
 D = Turns resting spent in this place as a percentage of non-inter-level travel turns spent in this place.
 E = Turns spent auto-exploring this place as a percentage of non-inter-level travel turns spent in this place.
 F = Non-inter-level travel turns spent in this place divided by the number of levels of this place that you've seen.
                   A       B       C       D       E      F
               +-------+-------+-------+-------+-------+----------------------
         Total | 100.0 | 100.0 |   0.5 |   3.9 |   7.7 | 316.6
       Dungeon |  99.4 |  99.4 |   0.5 |   3.9 |   7.2 | 359.7
        Temple |   0.6 |   0.6 |   6.2 |   0.0 |  80.0 |  15.0
               +-------+-------+-------+-------+-------+----------------------

Table legend:
 A = Kills in this place as a percentage of kills in entire the game.
 B = Kills by you in this place as a percentage of kills by you in the entire game.
 C = Kills by friends in this place as a percentage of kills by friends in the entire game.
 D = Other kills in this place as a percentage of other kills in the entire game.
 E = Experience gained in this place as a percentage of experience gained in the entire game.
 F = Experience gained in this place divided by the number of levels of this place that you have seen.
                   A       B       C       D       E      F
               +-------+-------+-------+-------+-------+----------------------
         Total | 100.0 | 100.0 | 100.0 |  -nan | 100.0 | 232.4
       Dungeon | 100.0 | 100.0 | 100.0 |  -nan | 100.0 | 265.6
               +-------+-------+-------+-------+-------+----------------------
